 Dungeon Crawl Stone Soup version 0.29.1-2-gbd0b4ee654 (webtiles) character file.

Game seed: 9007399300083119157

147 Icepheonix32 the Chopper (level 4, -4/38 HPs)
             Began as a Demigod Fighter on Nov 3, 2022.
             Slain by a gnoll bouda
             ... wielding a +0 club
              (6 damage)
             ... on level 3 of the Dungeon.
             The game lasted 00:03:12 (3273 turns).

Icepheonix32 the Chopper (Demigod Fighter)          Turns: 3273, Time: 00:03:13

Health: -4/38      AC:  9    Str: 21    XL:     4   Next: 80%
Magic:  6/6        EV:  9    Int: 10    God:
Gold:   217        SH:  9    Dex: 13    Spells: 3/3 levels left

rFire   . . .      SeeInvis .   s - +0 rapier of Xitukimn {flame, rCorr}
rCold   . . .      Faith    .   c - +0 buckler
rNeg    . . .      Spirit   .   b - +0 scale mail
rPois   .          Reflect  +   (no helmet)
rElec   .          Harm     .   q - +0 cloak
rCorr   +          Rampage  .   (no gloves)
Will    .....                   o - +0 pair of boots
Stlth   ..........              l - amulet of reflection
HPRegen 0.12/turn               (no ring)
MPRegen 0.10/turn               (no ring)

@: weakened, attractive
A: high MP 1, forlorn, divine attributes
a: no special abilities


You were on level 3 of the Dungeon.
You visited 1 branch of the dungeon, and saw 4 of its levels.

You collected 217 gold pieces.

Inventory:

Hand Weapons
 a - a +0 war axe
 s - the +0 rapier of Xitukimn (weapon) {flame, rCorr}
   (You took it off a goblin on level 3 of the Dungeon)

   It burns those it strikes, dealing additional fire damage.
   rCorr:     It protects you from acid and corrosion.
Missiles
 f - 6 poisoned darts (quivered)
Armour
 b - a +0 scale mail (worn)
 c - a +0 buckler (worn)
 o - a +0 pair of boots (worn)
 q - a +0 cloak (worn)
Magical Staves
 j - a staff of death
Jewellery
 l - an amulet of reflection (around neck)
 r - an amulet of regeneration
Scrolls
 k - a scroll of silence {unknown}
 m - a scroll of blinking
 n - 2 scrolls of fear {unknown}
 p - a scroll of enchant weapon {unknown}
Potions
 d - a potion of might
 g - a potion of invisibility {unknown}
 h - 2 potions of curing {unknown}
 i - 2 potions of haste {unknown}


   Skills:
 + Level 3.1 Fighting
 - Level 3.4 Axes
 + Level 3.4 Armour
 + Level 0.3 Dodging
 + Level 3.2 Shields


You had 3 spell levels left.
You didn't know any spells.
Your spell library contained the following spells:

 Spells                   Type           Power      Damage    Failure   Level
 Call Canine Familiar     Summ           0%         N/A       99%         3
 Ignite Poison            Fire/Tmut/Pois 0%         N/A       99%         3
 Mephitic Cloud           Conj/Pois/Air  0%         N/A       99%         3
 Portal Projectile        Hex/Tloc       0%         N/A       99%         3
 Leda's Liquefaction      Hex/Erth       0%         N/A       100%        4
 Sticky Flame             Conj/Fire      0%         2d3       100%        4
 Freezing Cloud           Conj/Ice/Air   0%         6-21      100%        5
 Ignition                 Fire           0%         3d3       100%        8


Dungeon Overview and Level Annotations

Branches:
Dungeon (4/15)
 Temple: D:4-7


Innate Abilities, Weirdness & Mutations

You have an increased reservoir of magic. (+10% MP)
You shall have no god before yourself.
Your divine heritage dramatically boosts your attributes as you level up.


Message History

The gnoll hits you but does no damage. The gnoll completely misses you.
You block the gnoll bouda's attack. The gnoll hits you with a +0 spear.
Unknown command.
You hit the gnoll but do no damage.
The gnoll is almost dead.
You block the gnoll's attack.
The gnoll bouda hits you with a +0 club!
* * * LOW HITPOINT WARNING * * *
The gnoll hits you but does no damage. You block the gnoll's attack.
You hit the gnoll. You burn the gnoll.
You kill the gnoll!
The gnoll bouda hits you with a +0 club.
* * * LOW HITPOINT WARNING * * *
The gnoll hits you but does no damage. The gnoll bouda barely misses you.
Unknown command.
Okay, then.
You see here a +0 spear.
You hit the gnoll. You burn the gnoll.
The gnoll is lightly wounded.
The gnoll barely misses you.
You hit the gnoll but do no damage.
The gnoll is lightly wounded.
Your attacks no longer feel as feeble.
You block the gnoll's attack.
You hit the gnoll bouda. You burn the gnoll bouda.
The gnoll bouda is moderately wounded.
You closely miss the gnoll bouda.
The gnoll bouda is moderately wounded.
The gnoll bouda barely misses you. The gnoll bouda closely misses you.
You barely miss the gnoll bouda.
The gnoll bouda is moderately wounded.
The gnoll bouda gazes fiercely through you!
You feel your attacks grow feeble.
The gnoll bouda hits you with a +0 club!
* * * LOW HITPOINT WARNING * * *
Unknown command.
It was a potion of attraction.
You feel attractive to monsters.
The gnoll bouda hits you with a +0 club.
You die...

#.# ....._#.###.# ####
.....##.....###### ##
8...8######.##...# ##8#
#.##..(### ###########
#........#####
#.##.#.##.#######.............
#.#.###........)#........####.
#.##<#.##.###.#..).#...###....
#.........# #@#..)......##.##.
#####.###.# #g#..)......##.##.
#.# #.###g..........##.##. #.#
#.......#.#.....##.##. #.#
#########.#.....##.### #.#
##'########.##. ######.#######
##...## #.#..
#............###.....## #....
#.######..##.##.......## ##...


You could see a gnoll bouda and a gnoll (swift).

Vanquished Creatures
  An orc wizard (D:3)
  A gnoll (D:3)
  3 adders
  A worm (D:2)
  A dart slug (D:3)
  3 orcs (D:3)
  6 ball pythons
  6 bats
  4 endoplasms
  6 giant cockroaches
  7 goblins
  9 hobgoblins
  5 jackals
  5 kobolds
  3 quokkas (D:3)
  5 frilled lizards
  4 rats
70 creatures vanquished.

Vanquished Creatures (others)
  A fungus (D:1)
  4 plants
5 creatures vanquished.

Grand Total: 75 creatures vanquished

Notes
Turn   | Place    | Note
-------+----------+-------------------------------------------
     0 | D:1      | Icepheonix32 the Demigod Fighter began the quest for the
                  | Orb.
     0 | D:1      | Reached XP level 1. HP: 18/18 MP: 3/3
   259 | D:1      | Got the Grimoire of the Pyromaniac
   277 | D:1      | Reached XP level 2. HP: 24/25 MP: 4/4
  1036 | D:2      | Reached XP level 3. HP: 26/31 MP: 5/5
  1868 | D:3      | Reached XP level 4. HP: 7/38 MP: 6/6
  2777 | D:3      | Identified the +0 rapier of Xitukimn {flame, rCorr}
  3273 | D:3      | Slain by a gnoll bouda

Illustrated notes

Levels and vault maps discovered:
D:1:      minmay_arrival_radiant_lines, layout_basic,
          dreamdust_ecumenical_altar_hidden_monk_grotto, minmay_pentomino_v4
D:2:      layout_rooms, serial_bayou_crossing
D:3:      layout_loops_corners, nicolae_overflow_hidden_temple,
          minmay_fractal_squares_diagonal_5
D:4:      layout_rooms, cheibrodos_ashenzari_chains, gammafunk_ghost_grave,
          minmay_misc_feat_columns, kennysheep_generic_room_4, uniq_edmund

Skill      XL: |  1  2  3 |
---------------+----------+-----
Shields        | 3 |  3.2
Armour         | 3 |  3.4
Fighting       | 3 |  3.1
Axes           | 2 3 |  3.4
Dodging        | |  0.3

Action                   |  1- 3 |  4- 6 || total
-------------------------+-------+-------++-------
Melee: War axe           |   151 |    72 ||   223
       Rapier            |       |    32 ||    32
  Use: Potion            |     1 |     1 ||     2
       Scroll            |     2 |       ||     2
Armor: Scale mail        |   102 |    49 ||   151
Dodge: Dodged            |    59 |    53 ||   112
Block: Buckler           |    48 |    68 ||   116
       Reflection        |     1 |     2 ||     3
